 Dungeon Sprint DCSS version 0.28.0-43-g3370ac3207 (webtiles) character file.

Game seed: 9644884167322052805

20878 boopmooplesden the Fencer (level 12, 0/133 HPs)
             Began as a Minotaur Fighter on Mar 27, 2022.
             Was the Champion of Trog.
             Slain by Ilsuiw
             ... wielding a +3 trident of freezing
              (11 damage)
             ... in the Dungeon (Sprint III: "The Ten Rune Challenge").
             The game lasted 00:10:27 (4550 turns).

boopmooplesden the Fencer (Minotaur Fighter)        Turns: 4550, Time: 00:10:28

Health: 0/133      AC: 28    Str: 23    XL:     12   Next: 49%
Magic:  11/11      EV:  7    Int:  5    God:    Trog [******]
Gold:   1403       SH: 13    Dex: 13    Spells: 11/11 levels left

rFire   . . .      SeeInvis .   w - +3 demon blade
rCold   . . .      Faith    .   v - +0 kite shield {reflect}
rNeg    . . .      Spirit   .   r - +1 crystal plate armour
rPois   .          Reflect  +   x - +1 hat
rElec   .          Harm     .   (no cloak)
rCorr   .          Rampage  .   (no gloves)
Will    .....      NoTele   +   (no boots)
Stlth   ..........              (no amulet)
HPRegen 0.32/turn               (no ring)
MPRegen 0.12/turn               (no ring)

@: on berserk cooldown
A: horns 2, retaliatory headbutt
a: Renounce Religion, Berserk, Trog's Hand, Brothers in Arms


You were in the Dungeon.
You worshipped Trog.
Trog was exalted by your worship.
You visited 1 branch You collected 3203 gold pieces.
You spent 1800 gold pieces at shops.

Inventory:

Hand Weapons
 a - a +0 long sword
 i - a +0 long sword of holy wrath
 s - a +3 antimagic falchion
 t - a +5 scimitar
 w - a +3 demon blade (weapon)
 A - a +4 triple sword of flaming
Missiles
 u - 7 curare-tipped darts (quivered)
Armour
 b - a +0 scale mail
 c - a +0 buckler
 g - the +3 leather armour of Noon {Int+4 Dex+3}
   (You bought it in a shop in the Dungeon)

   Int:       It affects your intelligence (+4).
   Dex:       It affects your dexterity (+3).
 q - a +2 ring mail of poison resistance
 r - a +1 crystal plate armour (worn)
 v - a +0 kite shield of reflection (worn)
 x - a +1 hat (worn)
Jewellery
 k - a +4 ring of evasion
Wands
 d - a wand of iceblast (7)
Scrolls
 j - a scroll of blinking
 m - a scroll of immolation
 n - a scroll of identify
 y - a scroll of amnesia {unknown}
Potions
 h - 2 potions of magic
 l - 10 potions of mutation
 o - 2 potions of flight
 z - a potion of haste
Miscellaneous
 p - a condenser vane


   Skills:
 + Level 20.1 Fighting
 + Level 20.4 Long Blades
 + Level 20.0 Armour
 + Level 5.8 Dodging
 + Level 4.5 Stealth
 + Level 15.4 Shields
 + Level 2.6 Evocations


You had 11 spell levels left.
You didn't know any spells.
Your spell library contained the following spells:

 Spells                   Type           Power      Damage    Failure   Level
 Pain                     Necr           0%         1d4       100%        1
 Agony                    Necr           0%         N/A       100%        5
 Excruciating Wounds      Necr           0%         N/A       100%        5


Dungeon Overview and Level Annotations

Branches:
Dungeon (1/1)

Altars:
Cheibriados
Dithmenos
Elyvilon
Fedhas
Gozag
Hepliaklqana
Kikubaaqudgha
Makhleb
Nemelex Xobeh
Okawaru
Qazlal
Ru
Sif Muna
Trog
Uskayaw
Vehumet
Wu Jian
Xom
Yredelemnul
Zin
The Shining One
Beogh
Jiyva
Lugonu

Shops:
D [[

Annotations:
D Ilsuiw


Innate Abilities, Weirdness & Mutations

You have a pair of horns on your head.
You reflexively headbutt those who attack you in melee.


Message History

The water elemental is severely damaged.
The water elemental hits you.
* * * LOW HITPOINT WARNING * * *
The water elemental engulfs you in water!
Something hits you but does no damage. The water elemental barely misses you.
You barely miss the water elemental. You headbutt the water elemental.
The water elemental is severely damaged.
* * * LOW HITPOINT WARNING * * *
Your lungs strain for air!
You block the water elemental's attack. Something hits you but does no damage.
The water elemental hits you.
You feel better.
* * * LOW HITPOINT WARNING * * *
Your lungs strain for air!
The water elemental barely misses you. You furiously retaliate!
You headbutt the water elemental.
You hear some strange, mumbled words.
The water elemental hits you. x2
* * * LOW HITPOINT WARNING * * *
You slip free of the water engulfing you.
You gasp with relief as air once again reaches your lungs.
The water elemental hits you.
* * * LOW HITPOINT WARNING * * *
The water elemental engulfs you in water!
You hit the water elemental.
The water elemental is almost destroyed.
* * * LOW HITPOINT WARNING * * *
Your lungs strain for air!
You block the water elemental's attack.
You slice the water elemental!!
You destroy the water elemental!
The water elemental disappears in a puff of smoke!
You gasp with relief as air once again reaches your lungs.
The water elemental disappears in a puff of smoke!
You slash the water elemental!
The water elemental is moderately damaged.
The water elemental disappears in a puff of smoke!
You feel yourself speed up. Something hits you!
You die...

▓...#≈≈≈≈≈≈≈≈≈♣ ###+
▓##'####+#######♣
▓.......).......♣♣
▓#+#############'♣
JJJ#≈P..÷.÷÷)...♣
▓..J+≈≈...########♣♣
▓..J#≈≈≈...........♣
▓..J#≈≈≈≈...PP.÷...♣
#+#############@############
▓≈≈≈≈≈≈≈≈≈≈≈≈▓
▓≈{≈≈≈≈≈≈≈≈≈≈▓
▓≈≈≈..≈≈≈≈≈..▓
▓≈≈...†≈≈≈...▓
▓≈≈≈..≈≈≈≈≈..▓
▓≈≈≈≈≈≈≈≈≈≈..▓
▓≈≈≈≈≈≈≈≈≈≈≈.▓
▓..≈≈≈≈≈≈≈≈≈≈▓


There were no monsters in sight!

Vanquished Creatures
  Rupert (D)
  Polyphemus (D)
  Gastronok (D)
  2 dire elephants (D)
  Josephine (D)
  A centaur warrior (D)
  4 death yaks (D)
  An orc high priest (D)
  A sea snake (D)
  A deep elf pyromancer (D)
  An orc knight (D)
  An orc sorcerer (D)
  2 elephants (D)
  2 black mambas (D)
  2 cane toads (D)
  A rime drake (D)
  A komodo dragon (D)
  An unseen horror (D)
  A queen bee (D)
  8 blink frogs (D)
  3 dream sheep (D)
  A shadow (D)
  3 wandering mushrooms (D)
  A spatial vortex (D)
  A swamp drake (D)
  3 orc warriors (D)
  A necrophage (D)
  2 centaurs (D)
  An earth elemental (D)
  A water elemental (D)
  32 killer bees (D)
  A jelly (D)
  Jessica (D)
  A wizard (D)
  2 orc wizards (D)
  A necromancer (D)
  3 humans (D)
  A kobold demonologist (D)
  A wolf (D)
  A dart slug (D)
  9 orcs (D)
  An endoplasm (D)
  2 rats (D)
  2 plants (D)
109 creatures vanquished.

Vanquished Creatures (collateral kills)
  Frances (D)
  Donald (D)
2 creatures vanquished.

Vanquished Creatures (others)
  6 plants (D)
6 creatures vanquished.

Grand Total: 117 creatures vanquished

Notes
Turn   | Place    | Note
-------+----------+-------------------------------------------
     0 | D        | boopmooplesden the Minotaur Fighter began the quest for the
                  | Orb.
     0 | D        | Reached XP level 1. HP: 19/19 MP: 0/0
    12 | D        | Noticed Jessica
    19 | D        | Killed Jessica
    20 | D        | Reached skill level 5 in Fighting
    20 | D        | Reached skill level 5 in Armour
    20 | D        | Reached skill level 5 in Shields
    20 | D        | Reached XP level 2. HP: 14/29 MP: 1/1
    20 | D        | Reached XP level 3. HP: 18/36 MP: 2/2
   369 | D        | Noticed a water elemental
   375 | D        | HP: 1/37 [drowned by a water elemental (8)]
   376 | D        | Killed a water elemental
   377 | D        | Reached skill level 5 in Long Blades
   377 | D        | Reached XP level 4. HP: 2/47 MP: 3/3
   678 | D        | Found a radiant altar of Vehumet.
   679 | D        | Found a shimmering blue altar of Sif Muna.
   679 | D        | Found an ancient bone altar of Kikubaaqudgha.
   679 | D        | Noticed a wizard
   680 | D        | Killed a wizard
   681 | D        | Reached XP level 5. HP: 51/52 MP: 4/4
   694 | D        | Noticed an ice devil
   765 | D        | Found a basalt altar of Yredelemnul.
   765 | D        | Found a shadowy altar of Dithmenos.
   765 | D        | Found a sacrificial altar of Ru.
   765 | D        | Noticed a necrophage
   777 | D        | Killed a necrophage
   778 | D        | Reached skill level 1 in Dodging
   778 | D        | Reached XP level 6. HP: 23/62 MP: 5/5
   976 | D        | Found a hide-covered altar of Uskayaw.
   976 | D        | Found an iron altar of Okawaru.
   976 | D        | Found a bloodstained altar of Trog.
   976 | D        | Found an ornate altar of the Wu Jian Council.
   976 | D        | Noticed a human
   976 | D        | Noticed a human
   982 | D        | Found a glowing silver altar of Zin.
   982 | D        | Found a glowing golden altar of the Shining One.
   982 | D        | Found a white marble altar of Elyvilon.
   982 | D        | Noticed a deep elf pyromancer
   983 | D        | Killed a human
   984 | D        | Reached skill level 10 in Armour
   992 | D        | Killed a human
   993 | D        | Reached XP level 7. HP: 42/70 MP: 6/6
   997 | D        | Killed a deep elf pyromancer
   998 | D        | Reached skill level 10 in Fighting
  1225 | D        | Noticed a shadow
  1234 | D        | Killed a shadow
  1235 | D        | Reached XP level 8. HP: 44/81 MP: 7/7
  1368 | D        | Found a blossoming altar of Fedhas.
  1368 | D        | Found a stormy altar of Qazlal.
  1369 | D        | Found a snail-covered altar of Cheibriados.
  1369 | D        | Found a burning altar of Makhleb.
  1369 | D        | Found a hazy altar of Hepliaklqana.
  1369 | D        | Found a shimmering altar of Xom.
  1369 | D        | Found an opulent altar of Gozag.
  1369 | D        | Found a sparkling altar of Nemelex Xobeh.
  1369 | D        | Found a corrupted altar of Lugonu.
  1369 | D        | Found a viscous altar of Jiyva.
  1380 | D        | Reached skill level 1 in Stealth
  1396 | D        | Noticed Josephine
  1418 | D        | Killed Josephine
  1713 | D        | Noticed an orc knight
  1713 | D        | Noticed an orc high priest
  1716 | D        | Reached XP level 9. HP: 89/89 MP: 8/8
  1716 | D        | Killed an orc high priest
  1717 | D        | Reached skill level 5 in Dodging
  1726 | D        | Noticed an orc sorcerer
  1730 | D        | Killed an orc knight
  1731 | D        | Reached skill level 15 in Long Blades
  1731 | D        | Reached skill level 10 in Shields
  1731 | D        | Reached skill level 1 in Evocations
  1735 | D        | Noticed a red devil
  1735 | D        | Killed an orc sorcerer
  1758 | D        | Found Lassueta's Antique Armour Emporium.
  1782 | D        | Bought a dazzling leather armour for 140 gold pieces
  1782 | D        | Identified the +3 leather armour of Noon {Int+4 Dex+3} (You
                  | bought it in a shop in the Dungeon)
  1812 | D        | Bought a shiny crystal plate armour for 1660 gold pieces
  1851 | D        | Became a worshipper of Trog the Wrathful
  2161 | D        | Noticed a centaur warrior
  2170 | D        | Reached * piety under Trog
  2180 | D        | Killed a centaur warrior
  2181 | D        | Reached skill level 15 in Armour
  2181 | D        | Reached XP level 10. HP: 72/101 MP: 9/9
  2359 | D        | Reached ** piety under Trog
  2731 | D        | Reached *** piety under Trog
  2740 | D        | Reached **** piety under Trog
  2749 | D        | Reached ***** piety under Trog
  2769 | D        | Received a gift from Trog
  2815 | D        | Reached ****** piety under Trog
  3064 | D        | Noticed Donald
  3064 | D        | Noticed Frances
  3072 | D        | Killed Frances
  3072 | D        | Received a gift from Trog
  3073 | D        | Reached skill level 15 in Fighting
  3090 | D        | Killed Donald
  3091 | D        | Reached XP level 11. HP: 54/113 MP: 10/10
  3317 | D        | Received a gift from Trog
  3647 | D        | Received a gift from Trog
  3806 | D        | Noticed a dire elephant
  3806 | D        | Noticed a dire elephant
  3806 | D        | Noticed Gastronok
  3816 | D        | Killed a dire elephant
  3838 | D        | Killed a dire elephant
  3845 | D        | Killed Gastronok
  3845 | D        | Received a gift from Trog
  3968 | D        | Noticed an azure jelly
  3968 | D        | Noticed an azure jelly
  3968 | D        | Noticed an azure jelly
  3969 | D        | Noticed an azure jelly
  3971 | D        | Noticed Rupert
  3980 | D        | Killed Rupert
  4014 | D        | Noticed a death yak
  4015 | D        | Noticed a death yak
  4016 | D        | Noticed a death yak
  4020 | D        | Noticed a death yak
  4023 | D        | Killed a death yak
  4024 | D        | Reached XP level 12. HP: 128/128 MP: 11/11
  4028 | D        | Killed a death yak
  4035 | D        | Killed a death yak
  4035 | D        | Received a gift from Trog
  4041 | D        | Killed a death yak
  4076 | D        | Reached skill level 15 in Shields
  4305 | D        | Noticed Polyphemus
  4319 | D        | Received a gift from Trog
  4330 | D        | Killed Polyphemus
  4499 | D        | Noticed Ilsuiw
  4501 | D        | Found Ydy Esh's Antique Armour Shoppe.
  4550 | D        | Slain by Ilsuiw

Illustrated notes

Levels and vault maps discovered:
D:        dungeon_sprint_mu [sprint_mu_entry_forest, sprint_mu_temple_rooms,
          sprint_mu_d1_horrors, sprint_mu_d2_genie, sprint_mu_d3_branching,
          sprint_mu_orc_legion, sprint_mu_elf_gauntlet, sprint_mu_hive_nellie,
          sprint_mu_lair_fedhas, sprint_mu_vaults_butterflies,
          sprint_mu_slime_circle, sprint_mu_shoals_archi,
          sprint_mu_snake_twists, sprint_mu_blade_basic,
          sprint_mu_crypt_chambers, sprint_mu_tomb_spiral,
          sprint_mu_vestibule_basic, sprint_mu_gehenna_hellfire,
          sprint_mu_dis_giant, sprint_mu_tartarus_statrot,
          sprint_mu_cocytus_islands, sprint_mu_zot1]

Skill      XL: |  1  2  3  4  5  6  7  8  9 10 11 12 |
---------------+-------------------------------------+-----
Fighting       | 5 7 8 9 10 11 13 15 18 20 | 20.1
Armour         | 5 7 9 10 12 13 15 17 19 20 | 20.0
Shields        | 5 6 7 8 9 10 12 14 15 | 15.4
Long Blades    | 3 5 7 9 11 14 16 17 19 20 | 20.4
Dodging        | 1 2 3 4 5 |  5.8
Stealth        | 1 2 4 |  4.5
Evocations     | 2 |  2.6

Action                   |  1- 3 |  4- 6 |  7- 9 | 10-12 || total
-------------------------+-------+-------+-------+-------++-------
Melee: Long sword        |    19 |    39 |    88 |   138 ||   284
       Headbutt          |     3 |     2 |    18 |    67 ||    90
       Demon blade       |       |       |       |   193 ||   193
       Scimitar          |       |       |       |    11 ||    11
Invok: Berserk           |       |       |       |     9 ||     9
       Brothers in Arms  |       |       |       |     1 ||     1
Evoke: Wand              |       |       |     3 |       ||     3
       Condenser vane    |       |       |     2 |       ||     2
  Use: Scroll            |     2 |       |       |       ||     2
       Potion            |     1 |     1 |     1 |     5 ||     8
 Stab: Distracted        |       |       |       |     1 ||     1
       Confused          |       |       |       |     1 ||     1
Armor: Scale mail        |     6 |    26 |     2 |       ||    34
       Crystal plate arm |       |       |    40 |   179 ||   219
Dodge: Dodged            |     9 |    32 |    16 |    66 ||   123
Block: Buckler           |     7 |    10 |    18 |    42 ||    77
       Kite shield       |       |       |       |    91 ||    91
       Reflection        |       |       |       |     2 ||     2
